 Dungeon Crawl Stone Soup version 0.20.1-1-g8b1a95d (webtiles) character file.

206806 ucho the Executioner (level 18, -4/174 HPs)
             Began as a Minotaur Berserker on Dec 4, 2017.
             Was an Elder of Trog.
             Slain by an alligator (30 damage)
             ... on level 1 of the Swamp on Dec 5, 2017.
             The game lasted 03:29:38 (31592 turns).

ucho the Executioner (Minotaur Berserker)          Turns: 31592, Time: 03:29:38

Health: -4/174     AC:  0    Str: 28    XL:     18   Next: 8%
Magic:  17/17      EV: 14    Int:  4    God:    Trog [****..]
Gold:   2326       SH:  4    Dex: 12    Spells: 17/17 levels left

rFire    . . .     SeeInvis .   (weapon currently unavailable)
rCold    . . .     Gourm    .   (shield currently unavailable)
rNeg     . . .     Faith    .   (armour currently unavailable)
rPois    .         Spirit   .   (helmet currently unavailable)
rElec    .         Reflect  +   (cloak currently unavailable)
rCorr    .         Harm     .   (gloves currently unavailable)
MR       +....                  (boots currently unavailable)
Stlth    +.........             c - +4 amulet of reflection
Regen    0.4/turn               (ring currently unavailable)
MPRegen  0.2/turn               (ring currently unavailable)

@: pig-form, very quick
A: (retaliatory headbutt)
}: 1/15 runes: serpentine
a: Berserk, Trog's Hand, Brothers in Arms, Burn Spellbooks, Renounce Religion


You were on level 1 of the Swamp.
You worshipped Trog.
Trog was greatly pleased with you.
You were not hungry.
You were a filthy swine.
You visited 6 branches of the dungeon, and saw 29 of its levels.
You visited the Abyss 1 time.
You also visited: Labyrinth and Ice Cave.

You collected 2764 gold pieces.
You spent 438 gold pieces at shops.

Inventory:

Hand Weapons
 a - a +9 vampiric executioner's axe (melded)
 b - a +6 executioner's axe of flaming
Armour
 d - a +0 pair of boots (melded)
 k - a scarf of repulsion (melded)
 w - a +3 plate armour of cold resistance
 A - a +2 hat (melded)
 C - a +0 chain mail of poison resistance (melded)
 E - a +2 pair of gloves of strength (melded)
 S - a +3 chain mail of positive energy
Jewellery
 c - a +4 amulet of reflection (around neck)
 L - the ring of Loshrot (melded) {rElec rF+ Slay+4}
   (You took it off a minotaur in a labyrinth)

   [ring of slaying]

   It affects your accuracy and damage with ranged weapons and melee attacks
   (+4).
   It protects you from fire.
   It insulates you from electricity.
 M - a ring of flight (melded)
Wands
 g - a wand of lightning (0/15)
 m - a wand of paralysis (8/24)
 s - a wand of confusion (25/48)
 F - a wand of iceblast (1/15)
 N - a wand of scattershot (0/9)
 P - a wand of confusion (6/48)
 Z - a wand of iceblast (4/15)
Scrolls
 h - 5 scrolls of magic mapping
 i - 4 scrolls of fear
 n - a scroll of holy word
 o - 6 scrolls of recharging
 p - 3 scrolls of enchant armour
 q - a scroll of silence {unknown}
 r - 11 scrolls of teleportation
 y - 9 scrolls of remove curse
 B - 3 scrolls of enchant weapon
 H - a scroll of acquirement {unknown}
 I - 2 scrolls of immolation
 Q - 2 scrolls of vulnerability
 R - 4 scrolls of fog {unknown}
 T - a scroll of brand weapon
 U - a scroll of summoning
Potions
 f - 4 potions of flight
 j - a potion of cancellation
 l - 3 potions of curing
 u - 2 potions of invisibility
 v - 5 potions of lignification
 x - 2 potions of mutation
 D - a potion of resistance
 J - 4 potions of haste {unknown}
 K - a potion of ambrosia {unknown}
 W - 2 potions of might
 X - a potion of berserk rage {unknown}
Comestibles
 t - a bread ration
 z - a meat ration
 G - 3 chunks of flesh


   Skills:
 + Level 18.9 Fighting
 * Level 24.8 Axes
 + Level 19.1 Armour
 - Level 2.1 Dodging


You had 17 spell levels left.
You didn't know any spells.

Dungeon Overview and Level Annotations

Branches:
Dungeon (15/15)            Temple (1/1) D:4            Lair (6/6) D:8
  Swamp (1/4) Lair:3        Snake (4/4) Lair:2        Slime (0/5) Lair:5
    Orc (2/2) D:11            Elf (0/3) Orc:2        Vaults (0/5) D:14
 Depths (0/5) D:15

Altars:
Ashenzari
Cheibriados
Dithmenos
Elyvilon
Fedhas
Gozag
Hepliaklqana
Kikubaaqudgha
Makhleb
Nemelex Xobeh
Okawaru
Qazlal
Ru
Sif Muna
Trog
Uskayaw
Vehumet
Xom
Yredelemnul
Zin
The Shining One
Jiyva
Lugonu

Shops:
D:8 *   D:15 [?%   Orc:2 [*?*   Snake:1 }=}

Annotations:
Swamp:1 Kirke


Innate Abilities, Weirdness & Mutations

((You reflexively headbutt those who attack you in melee.))
((You have a pair of horns on your head.))


Message History

* * * LOW HITPOINT WARNING * * *
The hog splashes around in the water.
You're too confused!
Unknown command.
The six-headed hydra bites you!
* * * LOW HITPOINT WARNING * * *
The six-headed hydra barely misses you. The six-headed hydra bites you!
* * * LOW HITPOINT WARNING * * *
The six-headed hydra bites you!
* * * LOW HITPOINT WARNING * * *
The six-headed hydra bites you.
* * * LOW HITPOINT WARNING * * *
The six-headed hydra bites you!
* * * LOW HITPOINT WARNING * * *
You're too confused to move!
You feel less confused. The swamp drake bites you.
* * * LOW HITPOINT WARNING * * *
The alligator bites you!!
You die...

♣.≈≈≈≈h≈≈.....≈.≈≈≈...♣♣
....≈≈.≈≈...[.♣.≈≈≈.♣≈≈♣
.♣≈.≈≈.......?..♣≈≈<≈≈≈♣♣
.≈≈.≈...≈≈≈≈≈≈≈.≈♣≈≈.≈≈.♣♣
♣..≈≈≈§≈≈.≈....≈≈..♣
♣♣.≈hh≈h≈.≈≈♣.≈≈♣≈≈...
♣.....{h†♣♣♣♣♣..§.≈≈.
♣.≈≈≈)Dkt♣ ♣..≈≈≈.
♣≈≈≈≈.♣h.♣ ♣≈≈♣≈.
♣♣.≈..♣..♣ ♣..♣. ♣♣.≈≈.♣.♣
..≈ ♣.♣.♣♣.♣ ♣♣ ♣.♣♣♣..♣
.≈♣ ≈.♣ .♣♣


You could see an alligator, a six-headed hydra, 4 hogs and a swamp drake.

Vanquished Creatures
  Mara (Snake:4)
  Saint Roka (Snake:4)
  Bai Suzhen (Snake:4)
  The ghost of p0werm0de the Severer, an adept DDFi of Makhleb (Snake:4)
  Donald (Orc:2)
  11 nagarajas
  Aizul (Snake:4)
  2 entropy weavers (Lair:5)
  Azrael (Orc:2)
  A minotaur (Lab)
  The ghost of Thyosulf the Cleaver, a journeyman MiMo of the Shining One (D:9)
  Fannar (Lair:3)
  14 naga warriors
  9 hydras
  A rakshasa (D:14)
  Erica (Orc:1)
  5 centaur warriors
  4 anacondas
  A catoblepas (Lair:6)
  A deep troll shaman (Lair:6)
  3 ogre magi
  18 two-headed ogres
  5 death yaks (Lair:6)
  A queen ant (Lair:5)
  3 shock serpents
  A shock serpent (shapeshifter) (D:15)
  16 naga sharpshooters
  4 skeletal warriors (D:14)
  2 salamander mystics (Snake:3)
  2 deep trolls (Orc:2)
  An unseen horror (D:14)
  The ghost of broninjaking the Grave Robber, a novice DsNe of Yredelemnul (D:8)
  A wizard (D:14)
  2 necromancers
  An orc knight (Orc:1)
  7 naga ritualists
  9 mana vipers
  9 ugly things
  2 wolf spiders (D:15)
  2 orc sorcerers (Orc:1)
  4 oklob plants
  19 salamanders
  4 cyclopes
  2 deep elf magi
  3 guardian serpents
  2 manticores (D:15)
  Maurice (D:14)
  17 elephants
  5 centaur zombies
  33 black mambas
  Psyche (D:12)
  27 naga magi
  The ghost of ak87 the Changer, a novice DgTm (D:5)
  An ice statue (IceCv)
  8 spiny frogs
  A spiny frog (shapeshifter) (D:15)
  4 gargoyles
  The ghost of Frank the Shield-Bearer, a novice OpFi (D:4)
  5 kobold demonologists
  2 efreet
  4 komodo dragons
  12 freezing wraiths
  3 hornets
  5 polar bears
  17 trolls
  Grinder (D:6)
  A tyrant leech (Swamp:1)
  22 blink frogs
  6 slime creatures
  A harpy skeleton (D:15)
  13 hippogriffs
  2 shadows
  Sigmund (D:2)
  A vampire (D:14)
  6 spriggans (Lair:2)
  2 wraiths (D:14)
  4 hogs
  4 wyverns
  17 yaks
  A human (D:8)
  2 chaos spawn (D:13)
  3 fire elementals (Orc:2)
  4 basilisks
  A death yak simulacrum (IceCv)
  7 hungry ghosts
  A steam dragon (D:13)
  8 vampire mosquitoes (D:12)
  7 soldier ants
  Menkaure (D:7)
  42 nagas
  5 hell hounds
  22 water moccasins
  11 porcupines
  17 orc warriors
  3 necrophages
  8 ice beasts
  4 black bears
  4 sky beasts
  4 phantoms
  3 eyes of draining
  31 ogres
  5 boggarts (D:15)
  An alligator simulacrum (IceCv)
  21 wolves
  21 centaurs
  5 crocodiles
  3 big kobolds
  A gnoll sergeant (D:7)
  16 bullfrogs
  A wyvern zombie (D:12)
  A wyvern skeleton (D:12)
  3 scorpions
  An elephant simulacrum (IceCv)
  11 killer bees
  A water moccasin skeleton (D:9)
  11 howler monkeys
  8 wights
  An electric eel (Lair:3)
  7 crimson imps
  2 bullfrog zombies (D:13)
  3 draconian simulacra (IceCv)
  2 quasits
  5 hounds
  4 jellies
  9 orc priests
  3 bullfrog skeletons
  5 centaur skeletons
  17 orc wizards
  Jessica (D:4)
  4 iguanas
  A polar bear simulacrum (IceCv)
  13 worker ants
  4 troll simulacra (IceCv)
  4 spriggan simulacra (IceCv)
  4 centaur simulacra (IceCv)
  6 ogre zombies (D:11)
  A hound zombie (D:8)
  2 hound skeletons
  Robin (D:2)
  10 gnolls
  A worker ant zombie (D:8)
  30 adders
  3 naga simulacra (IceCv)
  2 ogre simulacra (IceCv)
  4 shadow imps
  12 white imps (IceCv)
  An adder zombie (D:6)
  3 worms
  6 dart slugs
  2 leopard geckos
  66 orcs
  2 ball pythons (D:2)
  3 giant cockroaches
  17 goblins
  8 hobgoblins
  15 jackals
  26 kobolds
  5 quokkas
  6 bats
  3 frilled lizards
  A goblin skeleton (D:11)
  2 goblin zombies (D:11)
  A hobgoblin skeleton (D:11)
  2 hobgoblin zombies (D:11)
  A jackal skeleton (D:5)
  2 leopard gecko skeletons
  An orc skeleton (D:11)
  12 orc zombies (D:11)
  A quokka zombie (D:5)
  7 rats
  5 fungi
  3 plants
1073 creatures vanquished.

Vanquished Creatures (collateral kills)
  A naga warrior (Snake:4)
  A naga sharpshooter (Snake:4)
  A shock serpent (Snake:4)
  A salamander mystic (Snake:4)
  A naga ritualist (Snake:4)
  A naga mage (Snake:4)
  3 nagas (Snake:4)
9 creatures vanquished.

Vanquished Creatures (others)
  A wizard (D:5)
  An orc wizard (D:14)
  3 fungi
  A plant (Lair:2)
6 creatures vanquished.

Grand Total: 1088 creatures vanquished

Notes
Turn   | Place    | Note
-------+----------+-------------------------------------------
     0 | D:1      | ucho the Minotaur Berserker began the quest for the Orb.
     0 | D:1      | Reached XP level 1. HP: 19/19 MP: 0/0
   239 | D:1      | Reached XP level 2. HP: 26/27 MP: 1/1
   340 | D:1      | Reached skill level 4 in Axes
  1060 | D:2      | Found an iron altar of Okawaru.
  1069 | D:2      | Noticed Robin
  1076 | D:2      | Reached XP level 3. HP: 33/33 MP: 2/2
  1096 | D:2      | Killed Robin
  1096 | D:2      | Reached ** piety under Trog
  1511 | D:2      | Noticed Sigmund
  1523 | D:2      | Killed Sigmund
  1523 | D:2      | Reached skill level 5 in Axes
  1523 | D:2      | Reached XP level 4. HP: 41/41 MP: 3/3
  1523 | D:2      | Reached XP level 5. HP: 47/47 MP: 4/4
  1766 | D:2      | Reached skill level 5 in Fighting
  1785 | D:2      | Reached skill level 6 in Axes
  2013 | D:3      | Reached XP level 6. HP: 56/56 MP: 5/5
  2833 | D:4      | Reached *** piety under Trog
  2931 | D:4      | Found a staircase to the Ecumenical Temple.
  2938 | D:4      | Noticed Frank's ghost (novice OpFi)
  2948 | D:4      | Killed Frank's ghost
  2948 | D:4      | Reached skill level 7 in Axes
  2948 | D:4      | Reached skill level 5 in Armour
  2948 | D:4      | Reached XP level 7. HP: 59/63 MP: 6/6
  2962 | Temple   | Entered the Ecumenical Temple
  3317 | D:4      | Reached skill level 8 in Axes
  3676 | D:4      | Noticed Jessica
  3694 | D:4      | Killed Jessica
  3699 | D:4      | Found a deep blue altar of Sif Muna.
  3825 | D:5      | Entered Level 5 of the Dungeon
  3869 | D:5      | Noticed ak87's ghost (novice DgTm)
  3884 | D:5      | Killed ak87's ghost
  3884 | D:5      | Reached skill level 9 in Axes
  3884 | D:5      | Reached XP level 8. HP: 73/73 MP: 7/7
  4342 | D:5      | Reached skill level 10 in Axes
  4422 | D:5      | Found a blossoming altar of Fedhas.
  4424 | D:5      | Found a shadowy altar of Dithmenos.
  4427 | D:5      | Found a basalt altar of Yredelemnul.
  4430 | D:5      | Found an opulent altar of Gozag.
  4639 | D:5      | Found a glowing silver altar of Zin.
  4752 | D:5      | Found a bloodstained altar of Trog.
  4753 | D:5      | Noticed a wizard
  4758 | D:5      | Killed a wizard
  5026 | D:6      | Reached XP level 9. HP: 81/81 MP: 8/8
  5161 | D:6      | Reached **** piety under Trog
  5326 | D:6      | Noticed Grinder
  5352 | D:6      | Killed Grinder
  5352 | D:6      | Reached skill level 11 in Axes
  6047 | D:7      | Noticed Menkaure
  6053 | D:7      | Killed Menkaure
  6658 | D:8      | Noticed a two-headed ogre
  6662 | D:8      | Reached skill level 12 in Axes
  6670 | D:8      | Killed a two-headed ogre
  6670 | D:8      | Reached XP level 10. HP: 91/91 MP: 9/9
  6742 | D:8      | Noticed a two-headed ogre
  6751 | D:8      | Killed a two-headed ogre
  6752 | D:8      | Found a staircase to the Lair.
  6815 | D:8      | Noticed broninjaking's ghost (novice DsNe)
  6816 | D:8      | Found an opulent altar of Gozag.
  6825 | D:8      | Killed broninjaking's ghost
  6825 | D:8      | Reached skill level 10 in Fighting
  6825 | D:8      | Reached skill level 13 in Axes
  6855 | D:8      | Found Gozag's Platinum Reserve.
  7285 | D:8      | Reached skill level 10 in Armour
  7480 | D:8      | Reached ***** piety under Trog
  7669 | D:9      | Found a stormy altar of Qazlal.
  7871 | D:9      | Noticed Thyosulf's ghost (journeyman MiMo)
  7882 | D:9      | Killed Thyosulf's ghost
  7882 | D:9      | Reached skill level 14 in Axes
  7882 | D:9      | Reached XP level 11. HP: 101/101 MP: 10/10
  8021 | D:10     | Entered Level 10 of the Dungeon
  8082 | D:10     | Found a corrupted altar of Lugonu.
  8753 | D:11     | Found a labyrinth entrance.
  8759 | Lab      | Entered a labyrinth
 10280 | Lab      | Noticed a minotaur
 10288 | Lab      | Killed a minotaur
 10290 | Lab      | Got a warped jade ring
 10291 | Lab      | Got a warped battleaxe {freeze}
 10291 | Lab      | Got a dazzling chain mail
 10302 | Lab      | Identified the +0 chain mail of Zazyinik {rC+ Dex+5 Stlth+} (You took it off a minotaur in a labyrinth)
 10322 | Lab      | Identified the +6 battleaxe "Qequepp" {freeze, Str+3} (You took it off a minotaur in a labyrinth)
 10552 | D:11     | Noticed a two-headed ogre
 10560 | D:11     | Reached skill level 15 in Axes
 10561 | D:11     | Killed a two-headed ogre
 10892 | D:11     | Found a staircase to the Orcish Mines.
 10990 | D:11     | Noticed a cyan ugly thing
 11003 | D:11     | Killed a cyan ugly thing
 11165 | D:11     | Identified the ring of Loshrot {rElec rF+ Slay+4} (You took it off a minotaur in a labyrinth)
 11700 | D:12     | Reached XP level 12. HP: 112/112 MP: 11/11
 11798 | D:12     | Reached skill level 16 in Axes
 11915 | D:12     | Received a gift from Trog
 12418 | D:12     | Noticed Psyche
 12421 | D:12     | Noticed a two-headed ogre
 12422 | D:12     | Killed Psyche
 12426 | D:12     | Killed a two-headed ogre
 12844 | D:13     | Reached skill level 17 in Axes
 12916 | D:13     | Found a shimmering altar of Xom.
 12999 | D:13     | Noticed a six-headed hydra
 13010 | D:13     | Killed a ten-headed hydra
 13011 | D:13     | Noticed a centaur warrior
 13019 | D:13     | Killed a centaur warrior
 13210 | D:14     | Noticed Maurice
 13227 | D:14     | Killed Maurice
 13404 | D:14     | Noticed a rakshasa
 13416 | D:14     | Killed a rakshasa
 13423 | D:14     | Reached XP level 13. HP: 122/122 MP: 12/12
 13447 | D:14     | Reached ****** piety under Trog
 13785 | D:14     | Reached skill level 18 in Axes
 13797 | D:14     | Received a gift from Trog
 14295 | D:14     | Found a gate to the Vaults.
 14735 | D:14     | Reached skill level 19 in Axes
 14828 | Orc:1    | Entered Level 1 of the Orcish Mines
 15127 | Orc:1    | Noticed Erica
 15132 | Orc:1    | Killed Erica
 15368 | Orc:2    | Entered Level 2 of the Orcish Mines
 15384 | Orc:1    | Found a frozen archway.
 15393 | IceCv    | Entered an ice cave
 15678 | IceCv    | Reached XP level 14. HP: 121/133 MP: 13/13
 15693 | IceCv    | Received a gift from Trog
 15732 | IceCv    | Identified the Guide on the Snowflakes
 16152 | IceCv    | Found an ancient bone altar of Kikubaaqudgha.
 16573 | Orc:2    | Noticed Azrael
 16580 | Orc:2    | Killed Azrael
 17128 | Orc:2    | Noticed Donald
 17141 | Orc:2    | Killed Donald
 17269 | Orc:2    | Found a staircase to the Elven Halls.
 17486 | Orc:2    | Found Arull's Assorted Antiques.
 17496 | Orc:2    | Reached skill level 20 in Axes
 17500 | Orc:2    | Reached skill level 15 in Fighting
 17500 | Orc:2    | Reached skill level 15 in Armour
 17514 | Orc:2    | Found Vezeigav's Magic Scroll Shoppe.
 17542 | Orc:2    | Received a gift from Trog
 17561 | Orc:2    | Paralysed by an ogre mage for 4 turns
 17663 | Orc:2    | Found Diulac's Assorted Antiques.
 17668 | Orc:2    | Found Kum Kuod's Antique Armour Emporium.
 17686 | Orc:2    | Bought a scroll of teleportation for 54 gold pieces
 17686 | Orc:2    | Bought a scroll of noise for 18 gold pieces
 17686 | Orc:2    | Bought a scroll of identify for 36 gold pieces
 17686 | Orc:2    | Bought a scroll of identify for 36 gold pieces
 17686 | Orc:2    | Bought a scroll of identify for 36 gold pieces
 17686 | Orc:2    | Bought a scroll of enchant weapon for 135 gold pieces
 17940 | D:15     | Entered Level 15 of the Dungeon
 18221 | D:15     | Found Jozonk's Antique Armour Boutique.
 18429 | D:15     | Found Xumyrphot's Magic Scroll Shoppe.
 18442 | D:15     | Bought a scroll of identify for 26 gold pieces
 18442 | D:15     | Bought a scroll of identify for 26 gold pieces
 18442 | D:15     | Bought a scroll of identify for 26 gold pieces
 18442 | D:15     | Bought a scroll of amnesia for 45 gold pieces
 18463 | D:15     | Found Etugh's Food Boutique.
 18604 | D:15     | Found a staircase to the Depths.
 19063 | D:15     | Reached XP level 15. HP: 143/143 MP: 14/14
 19296 | Lair:1   | Entered Level 1 of the Lair of Beasts
 19888 | Lair:1   | Reached skill level 21 in Axes
 20445 | Lair:2   | Found a staircase to the Snake Pit.
 20533 | Lair:2   | Cast into level 2 of the Abyss (spriggan)
 20559 | Abyss:2  | Found a shimmering altar of Xom.
 20559 | Abyss:2  | Found a shimmering altar of Xom.
 20559 | Abyss:2  | Found a shimmering altar of Xom.
 20560 | Abyss:2  | Found a shimmering altar of Xom.
 20560 | Abyss:2  | Found a shimmering altar of Xom.
 20560 | Abyss:2  | Found a corrupted altar of Lugonu.
 20561 | Abyss:2  | Found a shimmering altar of Xom.
 20561 | Abyss:2  | Found a corrupted altar of Lugonu.
 20561 | Abyss:2  | Found a shimmering altar of Xom.
 20561 | Abyss:2  | Found a shimmering altar of Xom.
 20562 | Abyss:2  | Found a shimmering altar of Xom.
 20562 | Abyss:2  | Found a shimmering altar of Xom.
 20563 | Abyss:2  | Found a shimmering altar of Xom.
 20563 | Abyss:2  | Found a shimmering altar of Xom.
 20563 | Abyss:2  | Found a shimmering altar of Xom.
 20564 | Abyss:2  | Found a shimmering altar of Xom.
 20599 | Lair:2   | Escaped the Abyss
 20807 | Lair:2   | Received a gift from Trog
 21554 | Lair:3   | Found a staircase to the Swamp.
 21565 | Lair:3   | Noticed Fannar
 21593 | Lair:3   | Killed Fannar
 23303 | Lair:5   | Found a viscous altar of Jiyva.
 23303 | Lair:5   | Found a staircase to the Slime Pits.
 23829 | Lair:6   | Entered Level 6 of the Lair of Beasts
 23953 | Lair:6   | Reached skill level 22 in Axes
 24393 | Lair:6   | Received a gift from Trog
 24393 | Lair:6   | Reached XP level 16. HP: 152/152 MP: 15/15
 24397 | Lair:6   | Got a translucent arbalest {god gift}
 24864 | Snake:1  | Entered Level 1 of the Snake Pit
 25365 | Snake:1  | Found a white marble altar of Elyvilon.
 25401 | Snake:1  | Found a basalt altar of Yredelemnul.
 25416 | Snake:1  | Found Focyzo's Gadget Shoppe.
 25418 | Snake:1  | Found Kiabal's Jewellery Shop.
 25419 | Snake:1  | Found Qayhan's Gadget Shoppe.
 27083 | Snake:3  | Reached skill level 23 in Axes
 27890 | Snake:3  | Received a gift from Trog
 28050 | Snake:4  | Entered Level 4 of the Snake Pit
 28620 | Snake:4  | Reached XP level 17. HP: 163/163 MP: 9/16
 28745 | Snake:4  | Noticed Bai Suzhen
 28768 | Snake:4  | Killed Bai Suzhen
 29207 | Snake:4  | Noticed Mara
 29843 | Snake:4  | Killed Mara
 29843 | Snake:4  | Reached skill level 24 in Axes
 29913 | Snake:4  | Noticed Saint Roka
 29934 | Snake:4  | Killed Saint Roka
 29934 | Snake:4  | Received a gift from Trog
 30136 | Snake:4  | Noticed Aizul
 30137 | Snake:4  | Noticed p0werm0de's ghost (adept DDFi)
 30527 | Snake:4  | Killed Aizul
 31043 | Snake:4  | Killed p0werm0de's ghost
 31069 | Snake:4  | Reached XP level 18. HP: 92/174 MP: 17/17
 31349 | Snake:4  | Got a serpentine rune of Zot
 31545 | Swamp:1  | Entered Level 1 of the Swamp
 31577 | Swamp:1  | Noticed Kirke
 31592 | Swamp:1  | Slain by an alligator

Skill      XL: |  1  2  3  4  5  6  7  8  9 10 11 12 13 14 15 16 17 |
---------------+----------------------------------------------------+-----
Axes           | 4 5 6 7 9 10 12 14 15 17 19 20 22 23 24 | 24.8
Armour         | 3 4 5 6 7 8 10 11 13 14 15 16 18 19 | 19.1
Fighting       | 4 5 6 7 9 10 12 13 14 15 16 17 18 | 18.9
Dodging        | |  2.1

Action                   |  1- 3 |  4- 6 |  7- 9 | 10-12 | 13-15 | 16-18 || total
-------------------------+-------+-------+-------+-------+-------+-------++-------
Melee: Hand axe          |    79 |    99 |   254 |       |       |       ||   432
       Headbutt          |    17 |    20 |    57 |   135 |   206 |   165 ||   600
       Battleaxe         |       |       |    34 |   481 |   221 |       ||   736
       Executioner's axe |       |       |       |       |   603 |   593 ||  1196
       Unarmed           |       |       |       |       |    45 |       ||    45
Throw: Javelin           |       |     2 |     2 |       |       |       ||     4
       Stone             |       |     1 |    44 |       |       |       ||    45
Invok: Berserk           |     2 |     3 |     8 |    16 |    16 |    20 ||    65
       Trog's Hand       |     1 |       |     5 |     2 |    13 |    26 ||    47
       Burn Spellbooks   |       |     1 |       |     1 |     6 |     3 ||    11
       Brothers in Arms  |       |       |       |     1 |       |     4 ||     5
Evoke: Wand              |       |       |     3 |    20 |    32 |     4 ||    59
  Use: Scroll            |       |     1 |     2 |     6 |    20 |    17 ||    46
       Potion            |       |       |       |       |     3 |    10 ||    13
 Stab: Confused          |       |       |       |       |     1 |       ||     1
       Petrifying        |       |       |       |       |       |     2 ||     2
       Petrified         |       |       |       |       |       |     2 ||     2
       Distracted        |       |       |       |       |       |     1 ||     1
  Eat: Chunk             |     2 |     4 |    12 |    19 |    26 |     9 ||    72
       Bread ration      |     1 |       |     1 |     2 |     7 |     1 ||    12
       Royal jelly       |       |     1 |     1 |     6 |     4 |     3 ||    15
       Meat ration       |       |       |     1 |     1 |     2 |     8 ||    12
       Fruit             |       |       |     3 |       |       |     7 ||    10
Armor: Animal skin       |     2 |       |       |       |       |       ||     2
       Chain mail        |    33 |    46 |   103 |   133 |   153 |   269 ||   737
       Plate armour      |       |       |       |    76 |   396 |    39 ||   511
       Skin              |       |       |       |       |    24 |       ||    24
Dodge: Dodged            |    28 |    42 |    99 |   177 |   337 |   257 ||   940
       Deflected         |     4 |     2 |     2 |    22 |    18 |   107 ||   155
Block: Other             |       |       |       |       |   110 |    88 ||   198
       Reflection        |       |       |       |       |     5 |    19 ||    24
       Buckler           |       |       |       |       |    32 |       ||    32
